Map: Dash and Terminal LE (Void)

Players

NoRegreT

  • Race: Zerg Zerg
  • League: Master

NightEnD - Winner!

  • Race: Protoss Protoss
  • League: Master

Event: ASL Season 5 Prime League LOTV Beta

VOD

Have the link to the VOD?

Description

Time

  • Played on: Sept. 29, 2015, 9:49 a.m.
  • Length: 9:15

All games in this series

Show
View Real Time Build Order
Export as new Build Order

NoRegreT Zerg 

Build Orders: Pool First 

Get SALT Encoding   

  12  0:02  Drone  
  13  0:08  Drone  
  14  0:16  Drone, Extractor  
  14  0:32  Spawning Pool  
  14  0:35  Drone  
  14  0:47  Drone, Extractor  
  14  0:49  Overlord  
  15  1:19  Metabolic Boost, Queen  
  15  1:20  Zergling x2  
  15  1:21  Zergling x2  
  20  1:25  Zergling x2  
  20  1:47  Hatchery  
  19  1:51  Zergling x2  
  19  1:53  Zergling x2  
  21  2:00  Evolution Chamber  
  20  2:03  Zergling x2  
  21  2:08  Zergling x2  
  22  2:19  Overlord  
  22  2:37  Zergling x4  
  22  2:38  Zergling x2  
  22  2:39  Zergling x4  
  27  2:48  Zergling x2  
  28  2:58  Zergling x2  
  28  2:59  Zergling x2  
  28  3:04  Zergling x2  
  28  3:05  Zergling x4  
  33  3:06  Zergling x2  
  33  3:10  Zergling x2  
  34  3:14  Zergling x2  
  33  3:23  Zergling x4  
  34  3:31  Zergling x2  
  34  3:33  Zergling x2  
  33  3:48  Zergling x4  
  31  3:55  Zergling x2  
  31  3:57  Zergling x2  
  32  4:09  Zergling x4  
  34  4:15  Zergling x2  
  28  4:19  Zergling x2  
  28  4:25  Zergling x2  
  28  4:31  Drone  
  28  4:36  Drone  
  27  4:38  Drone  
  27  4:39  Queen  
  29  4:48  Drone x2  
  26  5:14  Drone x2  
  26  5:15  Drone  
  26  5:17  Drone, Roach Warren  
  26  5:18  Drone x2  
  26  5:20  Drone x2  
  33  5:23  Drone  
  33  5:27  Zergling x4  
  36  5:39  Overlord  
  35  5:47  Extractor  
  34  5:50  Drone  
  34  5:56  Lair  
  35  5:57  Drone  
  35  5:58  Drone x5  
  41  6:05  Roach  
  43  6:12  Spine Crawler  
  43  6:13  Roach  
  44  6:22  Overlord  
  43  6:30  Overlord  
  42  6:34  Roach  
  42  6:37  Overlord  
  44  6:42  Roach x4  
  50  6:48  Roach  
  50  6:49  Roach  
  50  6:52  Roach  
  50  6:53  Zergling x4  
  57  7:01  Roach  
  41  7:10  Zergling x4  
  35  7:16  Drone x2  
  35  7:38  Drone  
  36  7:57  Drone x2  
  37  8:08  Roach  
  37  8:15  Zergling x2  
  36  8:32  Zergling x2  
  37  8:42  Zergling x2  
  38  8:51  Zergling x2  
  39  8:56  Zergling x2  
Show
View Real Time Build Order
Export as new Build Order

NightEnD Protoss - Winner!

Build Orders:  

Get SALT Encoding   

  12  0:00  Probe (Chrono Boost)  
  13  0:10  Probe (Chrono Boost)  
  14  0:20  Pylon  
  14  0:22  Probe (Chrono Boost)  
  15  0:38  Probe (Chrono Boost)  
  16  0:46  Gateway  
  16  0:48  Probe (Chrono Boost)  
  17  0:58  Probe (Chrono Boost)  
  18  1:08  Probe (Chrono Boost)  
  19  1:12  Assimilator  
  19  1:15  Assimilator  
  19  1:18  Probe (Chrono Boost)  
  20  1:21  Pylon  
  20  1:28  Probe (Chrono Boost)  
  21  1:38  Probe (Chrono Boost)  
  21  1:39  Zealot  
  24  1:41  Cybernetics Core  
  24  1:47  Probe (Chrono Boost)  
  25  1:57  Probe (Chrono Boost)  
  26  2:07  Probe (Chrono Boost)  
  27  2:10  Pylon  
  27  2:14  Warp Gate (Chrono Boost)  
  27  2:17  Mothership Core (Chrono Boost)  
  27  2:18  Adept  
  31  2:35  Gateway  
  31  2:37  Gateway  
  31  2:39  Pylon  
  31  2:45  Adept  
  31  2:47  Probe  
  30  3:12  Adept  
  30  3:24  Pylon  
  28  3:30  Adept  
  22  4:05  Adept  
  22  4:21  Adept  
  24  4:45  Probe (Chrono Boost)  
  26  5:02  Adept x2  
  26  5:04  Adept  
  31  5:15  Probe (Chrono Boost)  
  32  5:22  Adept  
  32  5:23  Adept  
  32  5:25  Probe (Chrono Boost)  
  37  5:32  Pylon  
  37  5:35  Adept  
  39  5:41  Probe (Chrono Boost)  
  40  5:44  Adept  
  42  5:50  Adept  
  42  5:54  Probe (Chrono Boost)  
  45  6:03  Pylon  
  45  6:06  Adept  
  47  6:23  Adept x2  
  51  6:28  Adept  
  51  6:30  Probe (Chrono Boost)  
  54  6:39  Pylon  
  46  7:18  Robotics Facility  
  40  7:37  Nexus  
  40  7:38  Adept x3  
  40  7:41  Pylon  
  46  7:48  Probe (Chrono Boost)  
  47  7:52  Pylon  
  47  7:58  Probe (Chrono Boost)  
  47  8:03  Immortal (Chrono Boost)  
  52  8:14  Adept x3  
  54  8:33  Probe  
  55  8:36  Immortal (Chrono Boost)  
  59  8:45  Probe, Adept x2  
Tags
 
Add a new tag
Caveats
  • Supply blocks, unpowered buildings, or Contaminate may cause inaccurate times.
  • Supply counts are checked every 10 seconds.